 Dungeon Crawl Stone Soup version 0.30.1-11-g7821555f0a (webtiles) character file.

Game seed: 7566841742037326608

1341 Skitler the Cudgeller (level 8, -7/49 HPs)
             Began as a Gargoyle Fighter on Jan 9, 2024.
             Mangled by a hornet (11 damage)
             ... on level 5 of the Dungeon.
             The game lasted 00:13:11 (8722 turns).

Skitler the Cudgeller (Gargoyle Fighter)            Turns: 8722, Time: 00:13:12

Health: -7/49      AC: 16    Str: 23    XL:     8   Next: 62%
Magic:  10/10      EV:  8    Int:  8    God:
Gold:   251        SH:  4    Dex:  9    Spells: 7/7 levels left

rFire   . . .        a - +0 flail
rCold   + . .        c - +0 buckler
rNeg    + . .        i - +0 chain mail
rPois   ∞            (no helmet)
rElec   +            g - +0 cloak
rCorr   .            (no gloves)
SInv    .            (no boots)
Will    .....        (no amulet)
Stlth   x              - ring of protection from cold
HPRegen 0.28/turn    (no ring)
MPRegen 0.12/turn

%: no passive effects
@: no status effects
A: sickness immunity, AC +5, negative energy resistance 1, electricity
resistance, torment resistance 1, petrification resistance
a: no special abilities


You were on level 5 of the Dungeon.
You visited 1 branch of the dungeon, and saw 5 of its levels.

You collected 251 gold pieces.

Inventory:

Hand Weapons
 a - a +0 flail (weapon)
 y - a +2 heavy mace
Armour
 b - a +0 scale mail
 c - a +0 buckler (worn)
 g - a +0 cloak (worn)
 i - a +0 chain mail (worn)
 q - a +0 cloak
Jewellery
 x - a ring of protection from cold (left hand)
Wands
 u - a wand of digging (2)
 w - a wand of mindburst (3)
Scrolls
 h - 8 scrolls of teleportation {unknown}
 k - 5 scrolls of identify {unknown}
 n - 2 scrolls of immolation {unknown}
 o - a scroll of vulnerability {unknown}
 p - a scroll of amnesia {unknown}
 r - a scroll of summoning {unknown}
 s - a scroll of poison {unknown}
 t - a scroll of brand weapon {unknown}
 z - a scroll of fear {unknown}
 B - a scroll of enchant weapon {unknown}
Potions
 d - 2 potions of might
 e - a potion of attraction {unknown}
 f - a potion of mutation {unknown}
 j - a potion of ambrosia {unknown}
 l - a potion of flight {unknown}
 m - a potion of curing {unknown}
 v - 2 potions of cancellation {unknown}
 A - a potion of lignification {unknown}
 C - 2 potions of invisibility {unknown}


   Skills:
 * Level 5.0 Fighting
 * Level 7.5 Maces & Flails
 + Level 4.6 Armour
 + Level 1.0 Dodging
 + Level 0.4 Stealth
 * Level 5.1 Shields
 * Level 3.8 Invocations


You had 7 spell levels left.
You didn't know any spells.
Your spell library contained the following spells:

 Spells                   Type           Power      Damage    Failure   Level
 Apportation              Tloc           0%         N/A       96%         1
 Kiss of Death            Conj/Necr      0%         2d5       96%         1
 Necrotise                Necr           0%         1d4       96%         1
 Summon Small Mammal      Summ           0%         N/A       96%         1
 Confusing Touch          Hex            0%         N/A       100%        3
 Dazzling Flash           Conj/Hex       0%         N/A       100%        3
 Dispel Undead            Necr           0%         3d6       100%        4
 Agony                    Necr           0%         N/A       100%        5
 Silence                  Hex/Air        0%         N/A       100%        5


Dungeon Overview and Level Annotations

Branches:
Dungeon (5/15)
 Temple: D:4-7

Altars:
Vehumet


Innate Abilities, Weirdness & Mutations

You are immune to sickness and miasma.
Your stone body is resilient. (AC +5)
You are immune to poison.
You resist negative energy. (rN+)
You are resistant to electric shocks. (rElec)
You are resistant to unholy torment.
You are immune to petrification.


Message History

The hornet is moderately wounded.
The hornet stings you.
You hit the hornet but do no damage.
The hornet is moderately wounded.
The hornet stings you! The hornet stings you.
You are too injured to fight recklessly!
You are too injured to fight recklessly!
You are too injured to fight recklessly!
You are too injured to fight recklessly!
You are too injured to fight recklessly!
You are too injured to fight recklessly!
You are too injured to fight recklessly!
You are too injured to fight recklessly!
You are too injured to fight recklessly!
You are too injured to fight recklessly!
You are too injured to fight recklessly!
You are too injured to fight recklessly!
You are too injured to fight recklessly!
You are too injured to fight recklessly!
You are too injured to fight recklessly!
You are too injured to fight recklessly!
You are too injured to fight recklessly!
You are too injured to fight recklessly!
You are too injured to fight recklessly!
You are too injured to fight recklessly!
You are too injured to fight recklessly!
You are too injured to fight recklessly!
You are too injured to fight recklessly!
You barely miss the hornet.
The hornet is moderately wounded.
The hornet stings you!
* * * LOW HITPOINT WARNING * * *
The hornet stings you.
* * * LOW HITPOINT WARNING * * *
You hit the hornet but do no damage.
The hornet is moderately wounded.
The hornet stings you.
* * * LOW HITPOINT WARNING * * *
The hornet stings you!
You die...

#.##.....# #.g..g.#
#####.##.....#####....g
#.....##..........##..#
#..................#...
.##....###.....####......
..........#.........#.#.#.
..##......#.#...#####.#.#.
. #......#.#...#.......#.
####..@..#.###.###.###.
#.y####...........#.
#..########.##.##.#.
#.................#.
##.########.#...### ..#
#...#...#.# ..#
#.###.....# ...
#......##.# #.##
######....#


You could see a hornet.

Vanquished Creatures
  Grinder (D:3)
  Sigmund (D:2)
  A water moccasin (D:5)
  An ice beast (D:5)
  An orc warrior (D:5)
  A phantom (D:5)
  2 scorpions
  A hound (D:5)
  Ijyb (D:3)
  An iguana (D:4)
  5 orc wizards
  Terence (D:3)
  8 gnolls
  6 adders
  2 white imps (D:5)
  An ufetubus (D:5)
  2 worms (D:5)
  3 dart slugs
  15 orcs
  7 ball pythons
  8 bats
  10 endoplasms
  4 giant cockroaches
  5 goblins
  6 hobgoblins
  5 quokkas
  2 frilled lizards (D:2)
  8 kobolds
  11 rats
120 creatures vanquished.

Notes
Turn   | Place    | Note
-------+----------+-------------------------------------------
     0 | D:1      | Skitler the Gargoyle Fighter began the quest for the Orb.
     0 | D:1      | Reached XP level 1. HP: 14/14 MP: 1/1
   106 | D:1      | Reached skill level 1 in Invocations
   106 | D:1      | Reached XP level 2. HP: 17/19 MP: 2/2
  4745 | D:1      | Reached XP level 3. HP: 22/23 MP: 3/3
  4893 | D:1      | Found a faded altar of an unknown god.
  4974 | D:1      | Glimpsed the power of Zot.
  5282 | D:2      | Reached XP level 4. HP: 28/28 MP: 5/5
  5321 | D:2      | Reached skill level 3 in Maces & Flails
  5755 | D:2      | Reached XP level 5. HP: 32/32 MP: 6/6
  6028 | D:2      | Noticed Sigmund
  6037 | D:2      | Killed Sigmund
  6038 | D:2      | Reached skill level 4 in Maces & Flails
  6038 | D:2      | Reached XP level 6. HP: 38/38 MP: 7/7
  6418 | D:3      | Noticed Grinder
  6420 | D:3      | Paralysed by Grinder for 3 turns
  6438 | D:3      | Paralysed by Grinder for 4 turns
  6451 | D:3      | Paralysed by Grinder for 2 turns
  6455 | D:3      | Paralysed by Grinder for 5 turns
  6461 | D:3      | Killed Grinder
  6462 | D:3      | Reached skill level 5 in Maces & Flails
  6462 | D:3      | Reached XP level 7. HP: 20/43 MP: 7/9
  6836 | D:3      | Noticed Ijyb
  6845 | D:3      | Killed Ijyb
  7221 | D:3      | Noticed Terence
  7233 | D:3      | Killed Terence
  7658 | D:4      | Reached skill level 6 in Maces & Flails
  7926 | D:5      | Entered Level 5 of the Dungeon
  7930 | D:5      | Found a radiant altar of Vehumet.
  7986 | D:5      | Reached XP level 8. HP: 28/48 MP: 10/10
  8214 | D:5      | Reached skill level 1 in Dodging
  8317 | D:5      | Reached skill level 5 in Shields
  8401 | D:5      | Reached skill level 7 in Maces & Flails
  8542 | D:5      | Reached skill level 5 in Fighting
  8711 | D:5      | Noticed a hornet
  8722 | D:5      | Mangled by a hornet

Illustrated notes

Levels and vault maps discovered:
D:1:      tarquinn_simple_flora_water_a, layout_basic,
          ebering_ecumenical_altar_abandoned, kennysheep_minor_cross,
          minmay_hexomino_f4
D:2:      layout_loops_ring, moated_statue, uniq_sigmund
D:3:      layout_loops_corners, uniq_ijyb, uniq_grinder, uniq_terence
D:4:      layout_cave_pools, minmay_between
D:5:      layout_basic, nicolae_vehumet_radiance

Skill      XL: |  1  2  3  4  5  6  7  8 |
---------------+-------------------------+-----
Invocations    | 1 2 3 |  3.8
Maces & Flails | 3 4 5 6 7 |  7.5
Fighting       | 4 5 |  5.0
Armour         | 4 |  4.6
Shields        | 4 5 |  5.1
Dodging        | 1 |  1.0
Stealth        | |  0.4

Action                     |  1- 3 |  4- 6 |  7- 9 || total
---------------------------+-------+-------+-------++-------
  Melee: Flail             |    92 |   107 |   290 ||   489
    Use: Potion            |       |     1 |       ||     1
 Armour: Scale mail        |    60 |    14 |       ||    74
         Chain mail        |       |    49 |   197 ||   246
  Dodge: Dodged            |    58 |    50 |   114 ||   222
  Block: Buckler           |    18 |    32 |    55 ||   105
